 Dungeon Crawl Stone Soup version 0.16-a0-4123-g49b462e (webtiles) character file.

1292 Eptagon the Chopper (level 8, -2/67 HPs)
             Began as a Formicid Fighter on Mar 2, 2015.
             Was a Priest of Cheibriados.
             Killed by divine providence
             ... invoked by an orc priest
              (13 damage)
             ... on level 6 of the Dungeon.
             The game lasted 00:16:27 (4251 turns).

Eptagon the Chopper (Formicid Fighter)              Turns: 4251, Time: 00:16:27

Health: -2/67      AC: 17    Str: 27    XL:     8   Next: 86%
Magic:  16/16      EV:  8    Int: 14    God:    Cheibriados [***...]
Gold:   117        SH: 10    Dex: 18    Spells: 0 memorised, 7 levels left

rFire  x . .     SeeInvis +     a - +1 war axe
rCold  + + .     Clarity  .     w - +0 ice dragon armour
rNeg   + + .     SustAb   .     c - +0 shield
rPois  .         Gourm    .     (helmet unavailable)
rElec  .         Spirit   .     q - +0 cloak
rCorr  .         Warding  +     (no gloves)
rMut   .         Stasis   +     r - +2 pair of boots
MR     .....                    x - amulet of warding
Stlth  ..........               t - ring of positive energy
                                u - +3 ring of protection

@: very slow, not resistant to hostile enchantments, extremely unstealthy
A: permanent stasis, dig shafts and tunnels, four strong arms, antennae 3
a: Dig, Shaft Self, Bend Time, Temporal Distortion, Renounce Religion


You were on level 6 of the Dungeon.
You worshipped Cheibriados.
Cheibriados was most pleased with you.
You were hungry.

You visited 1 branch of the dungeon, and saw 6 of its levels.

You collected 278 gold pieces.
You spent 161 gold pieces at shops.

Inventory:

Hand weapons
 a - a +1 war axe (weapon)
 b - a +0 hunting sling of velocity
Missiles
 f - 65 sling bullets
Armour
 c - a +0 shield (worn)
 q - a +0 cloak (worn)
 r - a +2 pair of boots (worn)
 w - a +0 ice dragon armour (worn)
Jewellery
 l - an uncursed ring of wizardry
 t - a ring of positive energy (right hand)
 u - a +3 ring of protection (left hand)
 x - an amulet of warding (around neck)
Scrolls
 i - 2 scrolls of remove curse
 s - a scroll of enchant weapon
Potions
 e - 3 potions of might
 h - a potion of brilliance
 k - a potion of agility
 m - a potion of magic
 n - a potion of cancellation {unknown}
 o - 2 potions of curing
 p - a potion of restore abilities
Comestibles
 d - 4 bread rations
 g - a royal jelly
 j - 9 fruits
 z - a meat ration


   Skills:
 + Level 7.0 Fighting
 * Level 7.9 Axes
 - Level 3.2 Armour
 - Level 3.6 Shields
 + Level 3.6 Invocations


You had 7 spell levels left.
You didn't know any spells.

Dungeon Overview and Level Annotations

Branches:
Dungeon (6/15)
 Temple: D:4-7

Altars:
Cheibriados
Elyvilon
Makhleb
Ru
Sif Muna
Vehumet
Yredelemnul
Zin

Shops:
D:4 %}?


Innate Abilities, Weirdness & Mutations

You are under a permanent stasis effect.
You can dig through walls and to a lower floor.
Your four strong arms can wield two-handed weapons with a shield.
You have a pair of large antennae on your head (SInv).


Message History

The orc priest is lightly wounded.
The orc priest hits you but does no damage.
The ogre closely misses you.
You barely miss the ogre.
The ogre is almost dead.
You slash the orc priest!
The orc priest is heavily wounded.
You block the orc priest's attack. The ogre hits you with a giant club!
You slash the ogre!
You kill the ogre!
Cheibriados appreciates the change of pace.
Your Fighting skill increases to level 7!
You hit the orc priest.
The orc priest is severely wounded.
The orc priest hits you but does no damage.
You are electrocuted!
* * * LOW HITPOINT WARNING * * *
The orc priest invokes the aid of Beogh against you.
Something smites you!
You die...

#. ##...
###......
###........
#.......#
#.o)..#
#.@).#
##.####
#..##
##..#####
#......###
#.........
##.........
#..........
##..........


You could see an orc priest.

Vanquished Creatures
  An ice beast (D:6)
  An ogre (D:6)
  An orc warrior (D:6)
  2 centaurs
  A giant frog (D:6)
  The ghost of Uberwunderbarhen the Magician, an average DEFE (D:3)
  2 vampire bats (D:3)
  3 crimson imps (D:6)
  A goliath beetle (D:6)
  A gnoll shaman (D:4)
  2 orc priests
  3 orc wizards
  A hound (D:4)
  A worker ant (D:4)
  A hound skeleton (D:6)
  7 gnolls
  7 adders
  A giant mite (D:5)
  A shadow imp (D:5)
  2 worms (D:2)
  An adder skeleton (D:6)
  3 giant geckos
  An ooze (D:2)
  17 orcs
  17 bats
  2 giant cockroaches
  15 hobgoblins
  7 jackals
  13 kobolds
  A quokka (D:3)
  A giant cockroach zombie (D:6)
  5 giant newts
  3 goblins
  A jackal zombie (D:5)
  9 rats
136 creatures vanquished.

Notes
Turn   | Place    | Note
--------------------------------------------------------------
     0 | D:1      | Eptagon, the Formicid Fighter, began the quest for the Orb.
     0 | D:1      | Reached XP level 1. HP: 18/18 MP: 1/1
   135 | D:1      | Reached XP level 2. HP: 24/24 MP: 3/3
   503 | D:2      | Reached XP level 3. HP: 30/30 MP: 4/4
   789 | D:2      | Reached skill level 4 in Fighting
   821 | D:2      | Reached XP level 4. HP: 30/37 MP: 5/5
  1315 | D:3      | Found a basalt altar of Yredelemnul.
  1328 | D:3      | Noticed Uberwunderbarhen's ghost (average DEFE)
  1343 | D:3      | Killed Uberwunderbarhen's ghost
  1343 | D:3      | Reached XP level 5. HP: 37/43 MP: 7/7
  1437 | D:3      | Found a white marble altar of Elyvilon.
  1439 | D:3      | Noticed a centaur
  1445 | D:3      | Killed a centaur
  1445 | D:3      | Reached skill level 5 in Fighting
  1445 | D:3      | Reached XP level 6. HP: 45/51 MP: 8/8
  1477 | D:3      | Found a deep blue altar of Sif Muna.
  1492 | D:3      | Found a burning altar of Makhleb.
  1492 | D:3      | Found a glowing silver altar of Zin.
  1567 | D:3      | Reached skill level 5 in Axes
  1774 | D:3      | Found a snail-covered altar of Cheibriados.
  1780 | D:3      | Became a worshipper of Cheibriados the Contemplative
  1837 | D:4      | Found Oroew's Food Shop.
  2067 | D:4      | Reached XP level 7. HP: 56/56 MP: 9/9
  2227 | D:4      | Found a snail-covered altar of Cheibriados.
  2354 | D:4      | Reached skill level 6 in Fighting
  2602 | D:4      | Found Stramin's Gadget Shoppe.
  2711 | D:4      | Found Checulac's Magic Scroll Emporium.
  2716 | D:4      | Bought a scroll of identify for 28 gold pieces
  2716 | D:4      | Bought a scroll of identify for 28 gold pieces
  2716 | D:4      | Bought a scroll of enchant armour for 105 gold pieces
  2869 | D:5      | Entered Level 5 of the Dungeon
  3043 | D:5      | Reached skill level 1 in Invocations
  3043 | D:5      | Reached XP level 8. HP: 47/65 MP: 10/12
  3538 | D:6      | Reached skill level 7 in Axes
  3819 | D:6      | Found a sacrificial altar of Ru.
  4189 | D:6      | Found a radiant altar of Vehumet.
  4243 | D:6      | Acquired Cheibriados' first power
  4251 | D:6      | Killed from afar by an orc priest

Action                   |  1- 3 |  4- 6 |  7- 9 || total
-------------------------+-------+-------+-------++-------
Melee: War axe           |    93 |   130 |   196 ||   419
 Abil: Dig               |       |       |     1 ||     1
  Use: Scroll            |     4 |     7 |     4 ||    15
       Potion            |       |       |     1 ||     1
 Stab: Paralysed         |       |       |     1 ||     1
  Eat: Chunk             |       |     4 |     5 ||     9
